 Dungeon Crawl Stone Soup version 0.13.1-27-ga479965 (webtiles) character file.

3140 Chiseanne the Conjurer (level 9, -3/50 (57) HPs)
             Began as a Mummy Conjurer on Feb 9, 2014.
             Was a Priest of Nemelex Xobeh.
             Slain by a hog (10 damage)
             ... summoned by the player character
             ... on Level 3 of the Dungeon.
             The game lasted 00:59:24 (48329 turns).

Chiseanne the Conjurer (Mummy Conjurer)            Turns: 48329, Time: 00:59:24

HP  -3/50 (57)   AC  7     Str 10      XL: 9   Next: 47%
MP  14/32        EV 12     Int 18      God: Nemelex Xobeh [***...]
Gold 275         SH  0     Dex 12      Spells:  3 memorised, 14 levels left

Res.Fire  : x . .   See Invis. : .   a - +3,+0 whip (elec)
Res.Cold  : + . .   Warding    : .   s - +2 orc robe
Life Prot.: + + +   Conserve   : .   (no shield)
Res.Poison: +       Res.Corr.  : .   G - +0 spiked helmet
Res.Elec. : .       Clarity    : .   A - +1 cloak {MR+}
Sust.Abil.: . .     Spirit.Shd : .   (no gloves)
Res.Mut.  : .       Stasis     : .   (no boots)
Res.Rott. : +       Flight     : .   (no amulet)
Saprovore : . . .                    i - ring of wizardry
                                     F - ring of magical power

@: sage [Ice Magic, Necromancy], quite resistant to hostile enchantments,
unstealthy
A: no food or potions, fire vulnerability, restore body, cold resistance 1, life
protection 3, poison resistance, torment resistance, unbreathing
a: Draw One, Peek at Two, Triple Draw, Renounce Religion


You were on level 3 of the Dungeon.
You worshipped Nemelex Xobeh.
Nemelex Xobeh was most pleased with you.
You were not hungry.

You visited 2 branches of the dungeon, and saw 7 of its levels.

You collected 255 gold pieces.

Inventory:

Hand weapons
 a - a +3,+0 whip of electrocution (weapon)
 t - a cursed -3 blowgun
Missiles
 p - 8 poisoned darts (quivered)
Armour
 s - a +2 orcish robe (worn)
 A - a +1 cloak of magic resistance (worn)
 G - a +0 spiked helmet (worn)
Magical devices
 d - a wand of random effects (13)
Scrolls
 l - 4 scrolls of remove curse
 r - 2 scrolls of identify
 y - 3 scrolls of recharging {unknown}
 E - a scroll of teleportation
Jewellery
 b - a +4,+4 ring of slaying
 i - a ring of wizardry (right hand)
 F - a ring of magical power (left hand)
Books
 c - a book of Conjurations

   Spells                             Type                      Level
   *Magic Dart                        Conjuration                  1
   Searing Ray                        Conjuration                  2
   Dazzling Spray                     Conjuration/Hexes            3
   *Iskenderun's Mystic Blast         Conjuration                  4
   *Iskenderun's Battlesphere         Conjuration/Charms           4
   Fulminant Prism                    Conjuration/Hexes            5
Miscellaneous
 e - a plain deck of summonings {drawn: 3} {god gift}


   Skills:
 - Level 1.5 Dodging
 - Level 1.5 Stealth
 * Level 7.9 Spellcasting
 * Level 8.3 Conjurations
   Level 1.1 Necromancy
   Level 2.3 Ice Magic
 * Level 1.1 Evocations


You had 14 spell levels left.
You knew the following spells:

 Your Spells              Type           Power        Failure   Level  Hunger
a - Magic Dart            Conj           ####         1%          1    N/A
b - Iskenderun's Mystic   Conj           #####...     1%          4    N/A
c - Iskenderun's Battles  Conj/Chrm      ###.....     8%          4    N/A

Dungeon Overview and Level Annotations

Branches:
Dungeon (6/27)             Temple (1/1) D:6
    Orc: D:6-11

Altars:
Ashenzari
Cheibriados
Elyvilon
Fedhas
Kikubaaqudgha
Makhleb
Nemelex Xobeh
Okawaru
Sif Muna
Trog
Vehumet
Xom
Yredelemnul
Zin
the Shining One

Annotations:
D:4 exclusion: red wasp
D:5 exclusion: statue


Innate Abilities, Weirdness & Mutations

You do not eat or drink.
Your flesh is vulnerable to fire.
Your flesh is cold resistant.
You are immune to negative energy.
Your system is resistant to poisons.
You are immune to unholy pain and torment.
You can survive without breathing.


Message History

The orb of energy explodes!
Your battlesphere fires!
The barrage of energy hits the phantasmal warrior.
The phantasmal warrior is heavily damaged.
The phantasmal warrior hits you!
Use which ability? (? or * to list)
You fail to use your ability.
The phantasmal warrior closely misses you.
Use which ability? (? or * to list) Draw from which deck? (? for menu, Esc to quit)
You draw a card...
It is the Herd.
The phantasmal warrior hits you!
* * * LOW HITPOINT WARNING * * *
Use which ability? (? or * to list) Draw from which deck? (? for menu, Esc to quit)
You draw a card...
It is the Crusade.
Send 'em back where they came from!
The hog shudders.
The hog bites you.
* * * LOW HITPOINT WARNING * * *
The hog bites you!
You die...
Your body glows slightly and disappears.

#.##....#.####...###.#####.#<....
......#..........%....####.##.###
#.###.#..#.........*..........##
....#................#####.....#
#.#.#.##...................###.##
..#.#...............######.###...
#.#.#.#.#......HW....# #.#..##.
#.#...#.......##h###.#####.#..##.
..#...........##@# #.......#.....
###.##...........# ######....####
# #.##...........# #....####...
###.##.....<.....#####.#..##....#
....##.###.#...........#........#
######.#.......#.########....##.#
#.#.#.#####.# #.....#####..
#.#...#.....# #.###.#.# ###
#.#.###.###.## #.#.....# #


You could see a phantasmal warrior, a hog and a friendly hippogriff.

Vanquished Creatures
  A stone giant skeleton (D:5)
  A phantom (D:4)
  3 ice beasts
  2 centaurs
  A kobold demonologist (D:5)
  A sky beast (D:5)
  2 ogres
  4 giant frogs
  A wyvern zombie (D:6)
  A halfling (D:2)
  A jelly (D:5)
  5 crimson imps
  4 hounds
  3 orc priests
  2 giant frog skeletons (D:4)
  5 worker ants
  2 scorpions (D:5)
  5 orc wizards
  3 hound zombies
  A mummy (D:4)
  10 adders
  12 gnolls
  A giant mite (D:4)
  A worm zombie (D:5)
  6 worms
  2 giant eyeballs
  3 oozes
  31 orcs
  4 ball pythons
  4 bat skeletons
  16 hobgoblins
  19 kobolds
  8 quokkas
  18 bats
  10 giant cockroaches
  A giant cockroach zombie (D:5)
  5 giant geckos
  9 giant newts
  A giant newt zombie (D:5)
  20 goblins
  A hobgoblin skeleton (D:4)
  7 jackals
  3 orc zombies (D:5)
  15 rats
  A plant (D:2)
256 creatures vanquished.

Vanquished Creatures (others)
  2 halflings (D:2)
  A plant (D:5)
3 creatures vanquished.

Grand Total: 259 creatures vanquished

Notes
Turn   | Place    | Note
--------------------------------------------------------------
     0 | D:1      | Chiseanne, the Mummy Conjurer, began the quest for the Orb.
     0 | D:1      | Reached XP level 1. HP: 13/13 MP: 3/3
   727 | D:1      | Reached XP level 2. HP: 19/19 MP: 2/4
  5349 | D:1      | Reached XP level 3. HP: 24/24 MP: 3/6
  6530 | D:1      | Reached skill level 4 in Conjurations
  7017 | D:1      | Reached XP level 4. HP: 30/30 MP: 5/8
  7023 | D:1      | Learned a level 4 spell: Iskenderun's Mystic Blast
  9363 | D:1      | Noticed a two-headed ogre
 11982 | D:1      | Noticed an ogre
 12948 | D:2      | Reached XP level 5. HP: 2/35 MP: 6/10
 13272 | D:2      | Learned a level 4 spell: Iskenderun's Battlesphere
 13464 | D:2      | Noticed a giant frog
 13470 | D:2      | Killed a giant frog
 13641 | D:2      | Reached skill level 5 in Conjurations
 19446 | D:2      | Reached XP level 6. HP: 41/41 MP: 5/13
 23883 | D:2      | Noticed a yaktaur captain
 29704 | D:3      | Noticed a phantasmal warrior
 29924 | D:4      | Reached XP level 7. HP: 46/46 MP: 5/16
 30472 | D:4      | Reached skill level 6 in Conjurations
 30994 | D:4      | Reached skill level 5 in Spellcasting
 31320 | D:5      | Entered Level 5 of the Dungeon
 33662 | D:4      | Noticed a red wasp
 34908 | D:5      | Reached XP level 8. HP: 52/52 MP: 3/20
 35148 | D:5      | Found a basalt altar of Yredelemnul.
 35148 | D:5      | Found a white marble altar of Elyvilon.
 37969 | D:5      | Reached skill level 7 in Conjurations
 38183 | D:5      | Found a radiant altar of Vehumet.
 44947 | D:5      | Noticed a stone giant skeleton
 46106 | D:5      | Noticed a queen ant
 46301 | D:6      | Reached skill level 8 in Conjurations
 46301 | D:6      | Reached XP level 9. HP: 57/57 MP: 13/23
 46547 | D:6      | Found a staircase to the Ecumenical Temple.
 46557 | Temple   | Entered the Ecumenical Temple
 46769 | Temple   | Became a worshipper of Nemelex Xobeh
 46817 | Temple   | Received a gift from Nemelex Xobeh
 46866 | Temple   | Acquired Nemelex Xobeh's first power
 47001 | D:6      | Acquired Nemelex Xobeh's second power
 47258 | D:6      | Received a gift from Nemelex Xobeh
 47420 | D:6      | Reached skill level 1 in Ice Magic
 47698 | D:5      | Killed a stone giant skeleton
 47798 | D:5      | Reached skill level 1 in Evocations
 48024 | D:4      | Acquired Nemelex Xobeh's third power
 48111 | D:4      | Reached skill level 1 in Necromancy
 48294 | D:3      | Received a gift from Nemelex Xobeh
 48329 | D:3      | Slain by a hog

Action                   |  1- 3 |  4- 6 |  7- 9 || total
-------------------------+-------+-------+-------++-------
Melee: Spear             |     3 |       |       ||     3
       Short sword       |    14 |    65 |       ||    79
       Whip              |       |    10 |    23 ||    33
 Cast: Magic Dart        |    58 |   155 |   206 ||   419
       Iskenderun's Myst |       |     6 |    49 ||    55
       Iskenderun's Batt |       |    15 |    87 ||   102
Invok: Draw One          |       |       |     5 ||     5
       Peek at Two       |       |       |     2 ||     2
Evoke: Deck              |       |       |     9 ||     9
       Wand              |       |       |     1 ||     1
  Use: Scroll            |       |     5 |     8 ||    13
 Stab: Sleeping          |       |       |     1 ||     1
